 Dungeon Crawl Stone Soup version 0.26.1-10-gdfb7c7de75 (webtiles) character file.

Game seed: 14327869778375139339

30 Chiseanne the Magician (level 3, 7/24 HPs)
             Began as a Demonspawn Hedge Wizard on Apr 11, 2021.
             Quit the game on level 1 of the Dungeon.
             The game lasted 00:00:56 (1110 turns).

Chiseanne the Magician (Demonspawn Hedge Wizard)    Turns: 1110, Time: 00:00:56

Health: 7/24       AC:  2    Str: 10    XL:     3   Next: 3%
Magic:  8/8        EV: 12    Int: 16    God:
Gold:   52         SH:  0    Dex: 12    Spells: 8/9 levels left

rFire    . . .     SeeInvis .   a - +0 dagger
rCold    . . .     Faith    .   (no shield)
rNeg     . . .     Spirit   .   b - +0 robe
rPois    .         Reflect  .   c - +0 hat
rElec    .         Harm     .   (no cloak)
rCorr    .         Rampage  .   (no gloves)
Will     .....                  (no boots)
Stlth    ++........             (no amulet)
HPRegen  0.08/turn              (no ring)
MPRegen  0.11/turn              (no ring)

@: no status effects
A: antennae 1, spiny 1
a: no special abilities


You were on level 1 of the Dungeon.
You visited 1 branch of the dungeon, and saw 1 of its levels.

You collected 52 gold pieces.

Inventory:

Hand Weapons
 a - a +0 dagger (weapon)
Missiles
 h - 2 boomerangs
 i - 39 stones
 n - 16 arrows
Armour
 b - a +0 robe (worn)
 c - a +0 hat (worn)
Jewellery
 e - a +6 ring of dexterity {unknown}
Scrolls
 d - 2 scrolls of identify {unknown}
 f - a scroll of fog {unknown}
 l - a scroll of enchant armour {unknown}
 m - a scroll of enchant weapon {unknown}
Potions
 g - a potion of cancellation {unknown}
 j - a potion of flight {unknown}
 k - a potion of mutation {unknown}
 o - a potion of brilliance {unknown}
 p - a potion of haste {unknown}


   Skills:
 - Level 1.7 Dodging
 - Level 1.7 Stealth
 * Level 3.5 Spellcasting
 * Level 2.2 Conjurations
 - Level 1.0 Summonings
 - Level 0.8 Translocations


You had 8 spell levels left.
You knew the following spells:

 Your Spells              Type           Power        Failure   Level
a - Magic Dart            Conj           36%          7%          1

Your spell library contained the following spells:

 Spells                   Type           Power        Failure   Level
 Blink                    Tloc           N/A          19%         2
 Call Imp                 Summ           6%           19%         2
 Slow                     Hex            2%           26%         2
 Conjure Flame            Conj/Fire      6%           34%         3
 Mephitic Cloud           Conj/Pois/Air  5%           36%         3


Dungeon Overview and Level Annotations

Branches:
Dungeon (1/15)

Altars:


Innate Abilities, Weirdness & Mutations

You have a pair of small antennae on your head.
You are partially covered in sharp spines.


Message History

The giant cockroach is struck by your spines.
The giant cockroach barely misses you.
You hit the ooze.
The ooze is severely wounded.
The giant cockroach is struck by your spines.
You kill the giant cockroach!
The ooze is struck by your spines. The ooze barely misses you.
You hit the ooze but do no damage.
The ooze is almost dead.
The ooze is struck by your spines. The ooze barely misses you.
You hit the ooze but do no damage.
The ooze is almost dead.
The ooze is struck by your spines.
You kill the ooze!
You have reached level 3!
Your experience leads to an increase in your attributes!
Increase (s)trength, (i)ntelligence, or (d)exterity?
You feel clever.
Your demonic ancestry asserts itself...
A pair of antennae grows on your head!
Are you sure you want to abandon this character and quit the game? (Confirm with "yes".)

######## ###.......
##...###### #######
#####.†### ###
#......###.....## ###..
#......#...##### #...#
#......@.### #.###
#..(....############.###
#..?....................
#......############..###
#...... #..## #$.)...
#.## #...... #.#####
#...... #.#....
##########.#.###


There were no monsters in sight!

Vanquished Creatures
  An ooze (D:1)
  2 dart slugs (D:1)
  4 bats (D:1)
  A giant cockroach (D:1)
  A goblin (D:1)
  6 kobolds (D:1)
  3 frilled lizards (D:1)
  6 rats (D:1)
24 creatures vanquished.

Notes
Turn   | Place    | Note
-------+----------+-------------------------------------------
     0 | D:1      | Chiseanne the Demonspawn Hedge Wizard began the quest for
                  | the Orb.
     0 | D:1      | Reached XP level 1. HP: 13/13 MP: 4/4
   432 | D:1      | Gained mutation: You are partially covered in sharp spines.
                  | [demonic ancestry]
   432 | D:1      | Reached XP level 2. HP: 19/19 MP: 3/6
  1110 | D:1      | Gained mutation: You have a pair of small antennae on your
                  | head. [demonic ancestry]
  1110 | D:1      | Reached XP level 3. HP: 7/24 MP: 8/8
  1110 | D:1      | Quit the game

Illustrated notes

Levels and vault maps discovered:
D:1:      scummos_arrival_simple_crosswalls, layout_rooms

Skill      XL: |  1  2 |
---------------+-------+-----
Conjurations   | 2 |  2.2
Dodging        | |  1.7
Stealth        | |  1.7
Spellcasting   | |  3.5
Summonings     | |  1.0
Translocations | |  0.8

Action                   || total
-------------------------++-------
Melee: Dagger            ||    65
 Cast: Magic Dart        ||    16
 Stab: Sleeping          ||     1
Armor: Robe              ||    11
Dodge: Dodged            ||    50
